 Dungeon Crawl Stone Soup version 0.21-a0-153-g78480df (webtiles) character file.

69542 sveltemanboy the Fencer (level 14, -2/93 HPs)
             Began as a Demonspawn Monk on Aug 1, 2017.
             Was the Champion of Okawaru.
             Slain by an orc warrior
             ... wielding a +0 glaive
              (8 damage)
             ... on level 2 of the Orcish Mines.
             The game lasted 01:01:01 (21737 turns).

sveltemanboy the Fencer (Demonspawn Monk)          Turns: 21737, Time: 01:01:02

Health: -2/93      AC: 23    Str: 20    XL:     14   Next: 90%
Magic:  18/18      EV: 14    Int: 11    God:    Okawaru [******]
Gold:   2019       SH:  0    Dex: 16    Spells: 13/13 levels left

rFire    + + .     SeeInvis .   G - +5 triple sword (drain)
rCold    + . .     Gourm    +   (shield currently unavailable)
rNeg     . . .     Faith    .   N - +1 fire dragon scales
rPois    .         Spirit   .   h - +0 hat {MR+}
rElec    +         Reflect  .   F - +0 cloak
rCorr    .         Harm     .   e - +2 pair of gloves {Str+3}
MR       +++..     Clarity  +   A - +0 pair of boots
Stlth    ++........             l - amulet of the gourmand
HPRegen  0.25/turn              B - +2 ring of protection
MPRegen  0.16/turn              s - ring of protection from cold

@: lethally poisoned (-2 -> -13), heroism, hasted, very quick
A: hooves 2, horns 1, thin metallic scales 3, blurry vision 1, clarity, cold
resistance 1, magic resistance 1, spiny 2
a: Heroism, Finesse, Renounce Religion


You were on level 2 of the Orcish Mines.
You worshipped Okawaru.
Okawaru was exalted by your worship.
You were completely stuffed.

You visited 3 branches of the dungeon, and saw 19 of its levels.
You also visited: Ice Cave.

You collected 2393 gold pieces.
You spent 374 gold pieces at shops.

Inventory:

Hand Weapons
 i - a +4 scimitar of flaming
 G - a +5 triple sword of draining (weapon)
Armour
 e - a +2 pair of gloves of strength (worn)
 h - a +0 hat of magic resistance (worn)
 A - a +0 pair of boots (worn)
 F - a +0 cloak (worn)
 N - +1 fire dragon scales (worn)
Jewellery
 l - an amulet of the gourmand (around neck)
 n - an uncursed ring of resist corrosion
 s - a ring of protection from cold (right hand)
 t - an uncursed ring of fire
 w - an uncursed ring of flight
 B - a +2 ring of protection (left hand)
 P - an uncursed ring of protection from fire
Wands
 D - a wand of acid (5/15)
 J - a wand of confusion (21/48)
Scrolls
 a - 12 scrolls of teleportation
 j - a scroll of identify
 o - 2 scrolls of fog
 r - 2 scrolls of recharging
 y - a scroll of blinking
 K - 2 scrolls of silence
 O - a scroll of remove curse
Potions
 k - 4 potions of invisibility
 p - a potion of haste
 q - a potion of flight
 v - a potion of might
 z - 5 potions of curing
 I - a potion of cancellation
 L - a potion of berserk rage
Comestibles
 c - 16 bread rations
 d - 10 meat rations
 f - 36 fruits
 g - 5 royal jellies


   Skills:
 - Level 3.0(8.0) Fighting
 * Level 18.7(23.7) Long Blades
   Level 12.4(17.6) Axes
   Level 3.8(14.0) Polearms
 - Level 2.2(7.2) Armour
 - Level 2.6(7.6) Dodging
 - Level 1.7(6.7) Stealth
   Level 1.5(6.5) Shields
 - Level 6.1 Invocations


You had 13 spell levels left.
You didn't know any spells.

Dungeon Overview and Level Annotations

Branches:
Dungeon (11/15)            Temple (0/1) D:7            Lair (6/6) D:10
  Swamp (0/4) Lair:4       Spider (0/4) Lair:3        Slime (0/5) Lair:5
    Orc (2/2) D:11            Elf (0/3) Orc:2

Altars:
Ashenzari
Cheibriados
Dithmenos
Elyvilon
Hepliaklqana
Okawaru
Qazlal
Sif Muna
Uskayaw
Wu Jian
Zin
Jiyva

Shops:
D:4 [   D:7 ?   D:11 !


Innate Abilities, Weirdness & Mutations

You have hoof-like feet.
You are completely covered in thin metallic scales. (AC +4, rElec)
Your flesh is cold resistant. (rC+)
You are mostly covered in sharp spines.
You have a pair of small horns on your head.
Scrolls take you a little longer to read.
You possess an exceptional clarity of mind.
You are resistant to hostile enchantments. (MR+)


Message History

The deep elf mage casts a spell.
The deep elf mage blinks!
The orc warrior is struck by your spines.
The orc warrior hits you with a glaive.
* * * LOW HITPOINT WARNING * * *
The orc barely misses you.
You see here a long sword.
You slice the deep elf mage!!
You kill the deep elf mage!
Okawaru accepts your kill.
* * * LOW HITPOINT WARNING * * *
You feel sick.
Unknown command.
You slice the orc!!
You kill the orc!
* * * LOW HITPOINT WARNING * * *
You feel sick.
The orc warrior is struck by your spines.
The orc warrior hits you with a glaive!
You die...

#........ #........
.... #.......# ...#
#.......#e ...#
#...e.... ..# #
#.....o.# ...#.# #
#......)######......
#.##......@)e.........#
.........o))).........
#..................#
#.........§.......##
#.................#
#...........§...$##
#...........$....#
#.................#
#..................


You could see 2 deep elf magi, an orc warrior and an orc.

Vanquished Creatures
  The ghost of CarbonWolf the Severer, a journeyman MiBe of Trog (Orc:2)
  A frost giant (IceCv)
  A dire elephant (Lair:6)
  A fire dragon (Lair:6)
  6 hydras
  Erica (D:9)
  3 catoblepae (Lair:6)
  5 two-headed ogres
  2 death yaks (IceCv)
  A queen ant (D:11)
  3 unseen horrors
  Pikel (D:7)
  2 lindwurms (Lair:6)
  A swamp dragon (Lair:6)
  2 wolf spiders (Lair:6)
  6 deep elf magi (Orc:2)
  2 manticores (Lair:6)
  An oklob plant (Lair:1)
  A cyclops (Orc:2)
  5 black mambas
  20 elephants
  Maurice (D:8)
  An ice statue (IceCv)
  A torpor snail (Lair:6)
  9 spiny frogs
  The ghost of sveltemanboy the Slasher, a novice DsMo of Ashenzari (D:5)
  3 komodo dragons
  A kobold demonologist (D:8)
  4 centaur skeletons (D:10)
  4 rime drakes (Lair:6)
  5 jumping spiders (Lair:3)
  14 polar bears
  2 hornets
  3 trolls
  15 blink frogs
  A slime creature (D:8)
  Grinder (D:4)
  11 hippogriffs
  A spriggan (D:9)
  3 redbacks (Lair:3)
  5 basilisks
  2 wyverns
  24 yaks
  3 hungry ghosts
  2 steam dragons (Lair:6)
  3 wargs (Orc:1)
  2 acid dragons (Lair:6)
  14 soldier ants (D:11)
  Duvessa (D:7)
  12 water moccasins
  A hornet zombie (D:8)
  11 orc warriors
  2 black bears
  3 phantoms
  4 ice beasts
  A slave (D:7)
  3 sky beasts
  8 ogres
  31 wolves
  13 centaurs
  14 crocodiles
  2 big kobolds
  13 bullfrogs
  A water moccasin skeleton (D:6)
  Dowan (D:7)
  4 scorpions
  5 killer bees (D:9)
  A troll skeleton (D:10)
  2 spriggan skeletons (D:10)
  3 electric eels (Lair:4)
  2 howler monkeys
  4 crimson imps
  A centaur zombie (D:5)
  6 jellies
  7 hounds
  17 orc priests
  A bullfrog skeleton (D:10)
  18 orc wizards
  2 iguanas (D:7)
  32 worker ants
  A hound zombie (D:7)
  3 hound skeletons
  2 worker ant zombies (D:10)
  A howler monkey zombie (D:8)
  A gnoll (D:8)
  10 adders
  A howler monkey skeleton (D:8)
  2 shadow imps
  An adder skeleton (D:8)
  An adder zombie (D:8)
  4 worms
  5 dart slugs
  5 leopard geckos
  81 orcs
  A ball python (D:2)
  9 bats
  4 giant cockroaches
  9 goblins
  3 hobgoblins
  8 jackals
  16 kobolds
  6 quokkas
  6 frilled lizards
  A jackal skeleton (D:5)
  A leopard gecko skeleton (D:4)
  A leopard gecko zombie (D:7)
  2 quokka skeletons
  10 rats
  A plant (Lair:1)
624 creatures vanquished.

Vanquished Creatures (others)
  A rime drake (IceCv)
  2 yaks (IceCv)
  A slave (D:7)
  A wolf (IceCv)
  A centaur skeleton (D:7)
  A shadow imp (D:7)
  An orc (D:7)
  5 fungi
  10 plants (Lair:6)
23 creatures vanquished.

Grand Total: 647 creatures vanquished

Notes
Turn   | Place    | Note
-------+----------+-------------------------------------------
     0 | D:1      | sveltemanboy the Demonspawn Monk began the quest for the Orb.
     0 | D:1      | Reached XP level 1. HP: 18/18 MP: 1/1
   241 | D:1      | Gained mutation: You are partially covered in thin metallic scales. (AC +2) [demonic ancestry]
   241 | D:1      | Reached XP level 2. HP: 24/24 MP: 2/2
   613 | D:1      | Reached skill level 1 in Shields
   836 | D:1      | Reached XP level 3. HP: 24/29 MP: 3/3
  1233 | D:2      | Found a stormy altar of Qazlal.
  1706 | D:2      | Gained mutation: Your flesh is cold resistant. (rC+) [demonic ancestry]
  1706 | D:2      | Reached XP level 4. HP: 28/35 MP: 4/4
  2081 | D:3      | Reached skill level 1 in Axes
  2081 | D:3      | Reached skill level 1 in Armour
  2121 | D:3      | Gained mutation: You have large cloven feet. [demonic ancestry]
  2121 | D:3      | Reached XP level 5. HP: 22/41 MP: 5/5
  3055 | D:3      | Found a deep blue altar of Sif Muna.
  3126 | D:4      | Reached XP level 6. HP: 43/47 MP: 6/6
  3703 | D:4      | Noticed Grinder
  3713 | D:4      | Paralysed by Grinder for 3 turns
  3716 | D:4      | Found a shadowy altar of Dithmenos.
  3719 | D:4      | Paralysed by Grinder for 4 turns
  3728 | D:4      | Killed Grinder
  3797 | D:4      | Reached skill level 5 in Axes
  3797 | D:4      | Reached XP level 7. HP: 52/52 MP: 7/7
  3903 | D:4      | Found an iron altar of Okawaru.
  3911 | D:4      | Became a worshipper of Warmaster Okawaru
  3911 | D:4      | Reached * piety under Okawaru
  3911 | D:4      | Reached ** piety under Okawaru
  3977 | D:4      | Found Fidachyci's Antique Armour Boutique.
  3984 | D:4      | Found an ornate altar of the Wu Jian Council.
  3986 | D:4      | Found a hide-covered altar of Uskayaw.
  4058 | D:5      | Entered Level 5 of the Dungeon
  4123 | D:5      | Reached skill level 1 in Invocations
  4173 | D:5      | Noticed sveltemanboy's ghost (novice DsMo)
  4184 | D:5      | Killed sveltemanboy's ghost
  4184 | D:5      | Gained mutation: You have hoof-like feet. [demonic ancestry]
  4184 | D:5      | Reached XP level 8. HP: 45/58 MP: 10/10
  4489 | D:5      | Found a white marble altar of Elyvilon.
  4504 | D:5      | Reached *** piety under Okawaru
  4730 | D:5      | Found a snail-covered altar of Cheibriados.
  5074 | D:6      | Gained mutation: You occasionally shout uncontrollably at your foes. [mutagenic meat]
  5075 | D:6      | Gained mutation: You are resistant to hostile enchantments. (MR+) [mutagenic meat]
  5076 | D:6      | Gained mutation: You have a pair of small antennae on your head. [mutagenic meat]
  5077 | D:6      | Gained mutation: Your muscles are strong. (Str +2) [mutagenic meat]
  5879 | D:7      | Found a shattered altar of Ashenzari.
  5933 | D:7      | Reached XP level 9. HP: 56/63 MP: 12/12
  6113 | D:7      | Noticed Pikel
  6126 | D:7      | Killed Pikel
  6126 | D:7      | Reached **** piety under Okawaru
  6126 | D:7      | Reached skill level 10 in Axes
  6159 | D:7      | Found Peguot's Magic Scroll Boutique.
  6258 | D:7      | Noticed Dowan
  6260 | D:7      | Noticed Duvessa
  6267 | D:7      | Killed Dowan
  6274 | D:7      | Killed Duvessa
  6403 | D:7      | Found a staircase to the Ecumenical Temple.
  6945 | D:8      | Lost mutation: You occasionally shout uncontrollably at your foes. [potion of mutation]
  6945 | D:8      | Lost mutation: You have a pair of small antennae on your head. [potion of mutation]
  6945 | D:8      | Gained mutation: You tend to lose your temper in combat. [potion of mutation]
  6945 | D:8      | Gained mutation: You have hooves in place of feet. [potion of mutation]
  6945 | D:8      | Gained mutation: You have a pair of small horns on your head. [potion of mutation]
  7061 | D:8      | Reached ***** piety under Okawaru
  7085 | D:8      | Gained mutation: You are partially covered in sharp spines. [demonic ancestry]
  7085 | D:8      | Reached XP level 10. HP: 69/70 MP: 13/13
  7167 | D:8      | Noticed a two-headed ogre
  7180 | D:8      | Noticed Maurice
  7180 | D:8      | Received a gift from Okawaru
  7184 | D:8      | Killed a two-headed ogre
  7184 | D:8      | Reached skill level 5 in Invocations
  7191 | D:8      | Killed Maurice
  7255 | D:8      | Reached skill level 1 in Long Blades
  7259 | D:8      | Got a brightly glowing scale mail
  7270 | D:8      | Identified the cursed +1 scale mail "Xafogh" {rN+ Str+4} (You found it on level 8 of the Dungeon)
  7290 | D:8      | Reached skill level 2 in Long Blades
  7578 | D:8      | Found a glowing silver altar of Zin.
  7644 | D:8      | Reached skill level 3 in Long Blades
  7681 | D:8      | Reached skill level 4 in Long Blades
  7907 | D:9      | Reached skill level 5 in Long Blades
  8199 | D:9      | Noticed a two-headed ogre
  8206 | D:9      | Killed a two-headed ogre
  8206 | D:9      | Received a gift from Okawaru
  8206 | D:9      | Reached skill level 6 in Long Blades
  8408 | D:9      | Noticed Erica
  8416 | D:9      | Killed Erica
  8416 | D:9      | Gained mutation: You are mostly covered in thin metallic scales. (AC +3) [demonic ancestry]
  8416 | D:9      | Reached XP level 11. HP: 46/75 MP: 5/15
  8652 | D:9      | Reached skill level 7 in Long Blades
  8874 | D:9      | Found a hazy altar of Hepliaklqana.
  9184 | D:7      | Bought a scroll of brand weapon for 280 gold pieces
  9184 | D:7      | Bought a scroll of noise for 14 gold pieces
  9430 | D:9      | Reached skill level 8 in Long Blades
  9661 | D:10     | Entered Level 10 of the Dungeon
  9662 | D:10     | Noticed a six-headed hydra
  9668 | D:10     | Killed a nine-headed hydra
  9669 | D:10     | Noticed a six-headed hydra
  9934 | D:10     | Reached skill level 9 in Long Blades
  9955 | D:10     | Killed an unseen horror
 10059 | D:10     | Noticed a two-headed ogre
 10069 | D:10     | Killed a two-headed ogre
 10084 | D:10     | Reached skill level 10 in Long Blades
 10264 | D:10     | Killed a three-headed hydra
 10264 | D:10     | Received a gift from Okawaru
 10283 | D:10     | Found a staircase to the Lair.
 10743 | D:10     | Killed an unseen horror
 10775 | D:10     | Reached skill level 11 in Long Blades
 10835 | D:11     | Gained mutation: You are mostly covered in sharp spines. [demonic ancestry]
 10835 | D:11     | Reached XP level 12. HP: 73/81 MP: 16/16
 10893 | D:11     | Found Ziolugh's Distillery.
 10910 | D:11     | Found a staircase to the Orcish Mines.
 10954 | D:11     | Bought a potion of heal wounds for 80 gold pieces
 11211 | D:11     | Noticed a queen ant
 11227 | D:11     | Killed a queen ant
 11231 | D:11     | Reached skill level 12 in Long Blades
 11903 | D:11     | Noticed a two-headed ogre
 11905 | D:11     | Noticed a two-headed ogre
 11909 | D:11     | Killed a two-headed ogre
 11914 | D:11     | Killed a two-headed ogre
 11991 | D:11     | Reached skill level 13 in Long Blades
 11993 | D:11     | Reached ****** piety under Okawaru
 12253 | Lair:1   | Entered Level 1 of the Lair of Beasts
 12498 | Lair:1   | Lost mutation: You have hooves in place of feet. [potion of mutation]
 12498 | Lair:1   | Lost mutation: You tend to lose your temper in combat. [potion of mutation]
 12498 | Lair:1   | Lost mutation: Your muscles are strong. (Str +2) [potion of mutation]
 12498 | Lair:1   | Gained mutation: Scrolls take you a little longer to read. [potion of mutation]
 12498 | Lair:1   | Gained mutation: You possess an exceptional clarity of mind. [potion of mutation]
 12983 | Lair:2   | Identified a scroll of acquirement
 13284 | Lair:2   | Received a gift from Okawaru
 14125 | Lair:3   | Reached skill level 14 in Long Blades
 14159 | Lair:3   | Found a hole to the Spider Nest.
 14478 | Lair:3   | Gained mutation: You are completely covered in thin metallic scales. (AC +4, rElec) [demonic ancestry]
 14478 | Lair:3   | Reached XP level 13. HP: 77/86 MP: 17/17
 15225 | Lair:4   | Found a staircase to the Swamp.
 16260 | Lair:5   | Found a frozen archway.
 16269 | IceCv    | Entered an ice cave
 16277 | IceCv    | Reached skill level 15 in Long Blades
 16545 | IceCv    | Received a gift from Okawaru
 16724 | IceCv    | Noticed a frost giant
 16740 | IceCv    | Killed a frost giant
 16740 | IceCv    | Reached skill level 16 in Long Blades
 16971 | Lair:5   | Found a viscous altar of Jiyva.
 16971 | Lair:5   | Found a staircase to the Slime Pits.
 17734 | Lair:6   | Entered Level 6 of the Lair of Beasts
 17751 | Lair:6   | Reached XP level 14. HP: 59/93 MP: 18/18
 17884 | Lair:6   | Reached skill level 17 in Long Blades
 17980 | Lair:6   | Received a gift from Okawaru
 19119 | Lair:6   | Got a bound brass ring
 19121 | Lair:6   | Identified the ring of Orthodoxy {MP+9 Str-4 Int+4 Dex+3} (You found it on level 6 of the Lair of Beasts)
 19571 | Lair:6   | Reached skill level 18 in Long Blades
 20693 | Orc:1    | Entered Level 1 of the Orcish Mines
 21087 | Orc:2    | Entered Level 2 of the Orcish Mines
 21382 | Orc:2    | Found a staircase to the Elven Halls.
 21545 | Orc:2    | Noticed CarbonWolf's ghost (journeyman MiBe)
 21565 | Orc:2    | Killed CarbonWolf's ghost
 21565 | Orc:2    | Received a gift from Okawaru
 21737 | Orc:2    | Slain by an orc warrior

Vault maps used:
D:1:      dpeg_arrival_tiny_k, kennysheep_minor_cross
D:2:      nicolae_qazlal_general_emergency
D:3:      lemuel_blue_sif_altar
D:4:      kennysheep_okawaru_gauntlet, nicolae_overflow_hidden_temple,
          nicolae_dithmenos_shadow_blocks, serial_shops, shop, first_bread,
          uniq_grinder
D:5:      elyvilon_altar_1, kennysheep_slug_shrine
D:7:      lemuel_crystal_altar, minmay_temple_entry_poolview, serial_shops,
          shop_statue, uniq_duvessa, uniq_pikel
D:8:      cheibrodos_ideogram_h, nicolae_overflow_crystal_walls, special_room,
          uniq_maurice
D:9:      overflow_temple_1_default, the_bakery, uniq_erica
D:10:     david_lair_generic, hangedman_tell_no_tales
D:11:     orc_0_dummy, special_room, serial_shops, shop_fountains,
          minmay_statues_item, zaba_anthell
Lair:1:   lemuel_fruit_tree, grunt_megastairs_2, lemuel_fruit_fields,
          minmay_lair_oklob_chamber, serial_bayou_shore_b
Lair:3:   nicolae_spider_entry_tight_spaces
Lair:4:   minmay_swamp_entry_eels, infiniplex_staircase_pool_2,
          serial_bayou_shore_a, lemuel_fruit_fields, serial_bayou_shore_b
Lair:5:   dpeg_slime_entry_enclosed_altar, portal_ice_cave_entry_pillars_2,
          nicolae_volcano_entry_hallway
Lair:6:   hangedman_lair_in_review, guppyfry_lair_end_dragon,
          serial_bayou_pond_d
Orc:2:    st_orc_elflike, elves_outpost_lemuel
IceCv:    ice_cave_caverns_02

Skill      XL: |  1  2  3  4  5  6  7  8  9 10 11 12 13 14 |
---------------+-------------------------------------------+-----
Polearms       | 3 |  3.8
Shields        | 1 |  1.5
Axes           | 2 3 5 6 9 11 12 | 12.4
Armour         | 1 2 |  2.2
Invocations    | 3 4 6 |  6.1
Long Blades    | 6 11 14 16 18 | 18.7
Fighting       | |  3.0
Dodging        | |  2.6
Stealth        | |  1.7

Action                   |  1- 3 |  4- 6 |  7- 9 | 10-12 | 13-15 || total
-------------------------+-------+-------+-------+-------+-------++-------
Melee: Spear             |   157 |       |       |       |       ||   157
       Battleaxe         |    13 |   119 |   273 |    52 |       ||   457
       Kick              |       |    20 |    36 |   159 |       ||   215
       Headbutt          |       |       |     7 |   111 |   155 ||   273
       Triple sword      |       |       |       |   406 |   536 ||   942
       Scimitar          |       |       |       |     5 |    20 ||    25
Invok: Heroism           |       |       |     3 |     1 |     1 ||     5
Evoke: Wand              |       |       |       |    10 |       ||    10
  Use: Scroll            |     7 |     1 |    11 |    11 |     7 ||    37
       Potion            |       |     5 |     3 |     7 |    10 ||    25
 Stab: Sleeping          |     2 |       |       |       |       ||     2
       Invisible         |       |     1 |       |       |     9 ||    10
  Eat: Chunk             |     3 |     5 |    15 |    33 |    39 ||    95
       Fruit             |       |       |     2 |       |       ||     2
       Royal jelly       |       |       |       |     3 |       ||     3
Armor: Ring mail         |     4 |       |       |       |       ||     4
       Robe              |     1 |       |       |       |       ||     1
       Scale mail        |    46 |    27 |       |       |       ||    73
       Pearl dragon scal |       |    51 |   162 |   332 |   380 ||   925
       Fire dragon scale |       |       |       |       |    81 ||    81
Dodge: Dodged            |    78 |   102 |   131 |   264 |   379 ||   954
       Rpst.: Triple sword |       |       |       |    57 |    87 ||   144
       Scimitar          |       |       |       |     1 |     4 ||     5
